 Dungeon Crawl Stone Soup version 0.17-a0-1731-g129c023 (webtiles) character file.

70 kae the Chopper (level 4, -3/39 HPs)
             Began as a Hill Orc Fighter on Aug 29, 2015.
             Slain by Sigmund
             ... wielding a +0 scythe
              (6 damage)
             ... on level 2 of the Dungeon.
             The game lasted 00:01:01 (1517 turns).

kae the Chopper (Hill Orc Fighter)                  Turns: 1517, Time: 00:01:02

Health: -3/39      AC:  6    Str: 19    XL:     4   Next: 21%
Magic:  4/4        EV:  7    Int:  8    God:
Gold:   178        SH:  9    Dex: 10    Spells: 0 memorised, 3 levels left

rFire  . . .     SeeInvis .     a - +0 war axe
rCold  . . .     Clarity  .     b - +0 scale mail
rNeg   . . .     SustAt   .     c - +0 shield
rPois  .         Gourm    .     (no helmet)
rElec  .         Spirit   .     (no cloak)
rCorr  .         Warding  .     (no gloves)
rMut   .         Stasis   .     (no boots)
MR     .....                    (no amulet)
Stlth  ..........               (no ring)
                                (no ring)

@: flying, very slightly contaminated, invisible, not resistant to hostile
enchantments, extremely unstealthy
A: spit poison 1
a: Spit Poison


You were on level 2 of the Dungeon.
You were not hungry.

You visited 1 branch of the dungeon, and saw 2 of its levels.

You collected 178 gold pieces.

Inventory:

Hand weapons
 a - a +0 war axe (weapon)
Armour
 b - a +0 scale mail (worn)
 c - a +0 shield (worn)
Jewellery
 l - an uncursed ring of see invisible {unknown}
Scrolls
 e - a scroll of remove curse {unknown}
 g - 2 scrolls of noise {unknown}
 h - a scroll of fog {unknown}
 j - 3 scrolls of magic mapping {unknown}
 m - 2 scrolls of identify {unknown}
Potions
 d - a potion of might
 o - a potion of heal wounds {unknown}
Comestibles
 n - a meat ration


   Skills:
 - Level 3.6 Fighting
 + Level 5.8 Axes
 - Level 3.2 Armour
 - Level 3.2 Shields


You had 3 spell levels left.
You didn't know any spells.

Dungeon Overview and Level Annotations

Branches:
Dungeon (2/15)

Altars:

Annotations:
D:2 Sigmund


Innate Abilities, Weirdness & Mutations

You can spit weak poison.


Message History

You are too injured to fight recklessly!
You are too injured to fight recklessly!
You are too injured to fight recklessly!
You are too injured to fight recklessly!
You are too injured to fight recklessly!
Drink which item? (? for menu, Esc to quit)
It was a potion of invisibility.
You fade into invisibility!
You are very lightly contaminated with residual magic.
An adder comes into view.
Drink which item? (? for menu, Esc to quit)
It was a potion of flight.
You feel very buoyant.
You fly up into the air.
Sigmund hits you with a scythe.
* * * LOW HITPOINT WARNING * * *
Drink which item? (? for menu, Esc to quit)
It was a potion of beneficial mutation.
There is a nasty taste in your mouth for a moment.
You feel fantastic! Sigmund hits you with a scythe.
You die...

..## ###.......# #8...8#
...## ###......##
.##...##
.#..###...........#
<##...#
.##...............#..
#...#
.#####.##......##.#.#
8...8 ..####.#..#.####
..###...# ....##...#..#
####..##..
.#.........####..@.....#
................@.....#
.......#..<####.......#
...#...#.#..###.......#
####............####S.#
...#.......####.# ...
##............... ..
#..)#......###... .
#..#####......... ....#
##.#####..


You could see Sigmund and an adder (wandering).

Vanquished Creatures
  A hound zombie (D:1)
  2 adders (D:2)
  2 worms (D:2)
  3 giant geckos
  3 giant cockroaches
  2 hobgoblins
  A bat (D:1)
  2 giant newts
  6 goblins
  4 kobolds
  3 rats
29 creatures vanquished.

Notes
Turn   | Place    | Note
--------------------------------------------------------------
     0 | D:1      | kae the Hill Orc Fighter began the quest for the Orb.
     0 | D:1      | Reached XP level 1. HP: 19/19 MP: 1/1
   242 | D:1      | Reached XP level 2. HP: 26/26 MP: 2/2
   577 | D:1      | Reached skill level 4 in Axes
   767 | D:1      | Reached XP level 3. HP: 25/31 MP: 3/3
   820 | D:2      | Reached skill level 5 in Axes
  1146 | D:2      | Reached XP level 4. HP: 30/39 MP: 4/4
  1502 | D:2      | Noticed Sigmund
  1517 | D:2      | Gained mutation: You can spit weak poison. [potion of beneficial mutation]
  1517 | D:2      | Slain by Sigmund

Vault maps used:
D:1:      minmay_arrival_doors
D:2:      serial_corexii_hall, corexii_hall_statues_x, corexii_hall_statues_i,
          uniq_sigmund

Action                   |  1- 3 |  4- 6 || total
-------------------------+-------+-------++-------
Melee: War axe           |    95 |    17 ||   112
  Use: Potion            |       |     3 ||     3
  Eat: Bread ration      |       |     1 ||     1
       Chunk             |       |     1 ||     1
